 Dungeon Crawl Stone Soup version 0.20.1-1-g8b1a95d66d (webtiles) character file.

2690 Rrauwl the Cleaver (level 9, -2/71 HPs)
             Began as a Minotaur Fighter on Dec 30, 2017.
             Was a Priest of Uskayaw.
             Slain by a two-headed ogre
             ... wielding a +0 giant spiked club
              (10 damage)
             ... on level 8 of the Dungeon.
             The game lasted 00:30:05 (5863 turns).

Rrauwl the Cleaver (Minotaur Fighter)               Turns: 5863, Time: 00:30:06

Health: -2/71      AC: 12    Str: 24    XL:     9   Next: 38%
Magic:  12/16      EV: 10    Int:  6    God:    Uskayaw [***...]
Gold:   259        SH: 19    Dex: 11    Spells: 8/8 levels left

rFire    . . .     SeeInvis .   a - +0 war axe
rCold    . . .     Gourm    .   l - +0 shield
rNeg     . . .     Faith    .   d - +0 scale mail
rPois    .         Spirit   .   (helmet restricted)
rElec    .         Reflect  +   (no cloak)
rCorr    .         Harm     .   i - +1 pair of gloves
MR       .....                  (no boots)
Stlth    ..........             n - +5 amulet of reflection
Regen    0.7/turn               e - +1 ring of evasion
MPRegen  0.2/turn               t - ring of magical power

@: no status effects
A: retaliatory headbutt, horns 2, iridescent scales 1, large bone plates 1, low
mp 1, sense surroundings 1, regeneration 1, strong 1, no potion heal 1
a: Stomp, Line Pass, Renounce Religion


You were on level 8 of the Dungeon.
You worshipped Uskayaw.
Uskayaw was noncommittal.
You were hungry.

You visited 2 branches of the dungeon, and saw 9 of its levels.

You collected 259 gold pieces.

Inventory:

Hand Weapons
 a - a +0 war axe (weapon)
 b - a +2 whip of draining
 k - a +2 whip of flaming
 o - a +2 flail of holy wrath
Missiles
 j - 120 stones (quivered)
 p - 47 sling bullets
Armour
 d - a +0 scale mail (worn)
 i - a +1 pair of gloves (worn)
 l - a +0 shield (worn)
Jewellery
 c - an uncursed ring of stealth
 e - a +1 ring of evasion (left hand)
 n - a +5 amulet of reflection (around neck)
 t - a ring of magical power (right hand)
Wands
 s - a wand of polymorph (17/24)
 w - a wand of iceblast (15/15)
 y - a wand of acid (7/15)
 z - a wand of paralysis (10/24)
Scrolls
 g - 2 scrolls of identify
 h - a scroll of recharging
 r - a scroll of fog
 u - 2 scrolls of teleportation
 x - a scroll of fear
Potions
 m - 2 potions of flight
 q - a potion of curing
Comestibles
 f - 8 bread rations
 v - 3 fruits


   Skills:
 - Level 4.0 Fighting
 + Level 10.8 Axes
   Level 6.0 Slings
 + Level 8.3 Armour
 - Level 2.1 Dodging
 - Level 5.0 Shields


You had 8 spell levels left.
You didn't know any spells.

Dungeon Overview and Level Annotations

Branches:
Dungeon (8/15)             Temple (1/1) D:4
   Lair: D:8-11

Altars:
Ashenzari
Cheibriados
Dithmenos
Elyvilon
Fedhas
Gozag
Hepliaklqana
Kikubaaqudgha
Makhleb
Nemelex Xobeh
Okawaru
Qazlal
Sif Muna
Trog
Uskayaw
Xom
Yredelemnul
Zin
The Shining One


Innate Abilities, Weirdness & Mutations

You reflexively headbutt those who attack you in melee.
You have a pair of horns on your head.
You are partially covered in iridescent scales. (AC +2)
You are partially covered in large bone plates. (SH +4)
Your magical capacity is low. (-10% MP)
You passively map a small area around you.
Your natural rate of healing is unusually fast.
Your muscles are strong. (Str +2)
Potions are less effective at restoring your health.


Message History

You throw a stone.
The stone barely misses the two-headed ogre.
You can no longer merge with and destroy a victim.
You closely miss the two-headed ogre.
The two-headed ogre is severely wounded.
You block the two-headed ogre's attack. The two-headed ogre closely misses you.
You closely miss the two-headed ogre.
You headbutt the two-headed ogre, but do no damage.
The two-headed ogre is severely wounded.
The two-headed ogre closely misses you.
The two-headed ogre hits you with a dire flail.
* * * LOW HITPOINT WARNING * * *
You barely miss the two-headed ogre.
The two-headed ogre is severely wounded.
You block the two-headed ogre's attack. The two-headed ogre misses you.
You slash the two-headed ogre!
You headbutt the two-headed ogre, but do no damage.
The two-headed ogre is severely wounded.
The two-headed ogre hits you with a giant spiked club!
You die...

..>?... ..,, , , *
........#.........# *
....:..... ....... ,
.......... ......#
.........# .^...# ≈
,, ,
,.........###...# , *
..............#, ≈ _
...$...†<###.# *..≈ ≈
* .....(†...(O@#..#..
........†##...(..#
,.........###........
.........# #........
,
.........#*#.#######
, ........##*$.. *
...<..#.. ,.#. , , *
* ###..###. ,###., ,
, > , ..


You could see a two-headed ogre.

Vanquished Creatures
  Pikel (D:4)
  A spriggan (D:7)
  Sigmund (D:6)
  The ghost of BrokenGlass the Insei, an amateur OpFi of Ru (D:4)
  Edmund (D:4)
  3 sky beasts (D:7)
  An orc warrior (D:7)
  A slave (D:4)
  An ice beast (D:6)
  An ogre (D:7)
  A bullfrog (D:7)
  4 killer bees (D:8)
  2 crimson imps
  3 hounds (D:5)
  A jelly (D:6)
  2 orc wizards
  An orc priest (D:7)
  An iron imp (D:7)
  3 iguanas
  Ijyb (D:5)
  5 worker ants
  Robin (D:3)
  4 gnolls (D:3)
  A howler monkey skeleton (D:4)
  6 adders
  A shadow imp (D:5)
  3 oozes
  An adder zombie (D:7)
  3 adder skeletons
  A worm (D:3)
  3 dart slugs (D:1)
  7 leopard geckos
  4 orcs
  7 bats
  5 giant cockroaches
  16 goblins
  7 hobgoblins
  8 jackals
  9 kobolds
  A quokka (D:7)
  7 frilled lizards
  A quokka skeleton (D:7)
  7 rats
  A bush (D:3)
140 creatures vanquished.

Vanquished Creatures (others)
  2 slaves (D:4)
  2 centaurs
  A howler monkey (D:4)
  A frilled lizard (D:4)
  A fungus (D:4)
  2 plants
9 creatures vanquished.

Grand Total: 149 creatures vanquished

Notes
Turn   | Place    | Note
-------+----------+-------------------------------------------
     0 | D:1      | Rrauwl the Minotaur Fighter began the quest for the Orb.
     0 | D:1      | Reached XP level 1. HP: 19/19 MP: 0/0
   124 | D:1      | Reached XP level 2. HP: 25/27 MP: 1/1
   417 | D:1      | Reached skill level 3 in Axes
   437 | D:1      | Reached XP level 3. HP: 32/33 MP: 2/2
  1358 | D:3      | Found a faded altar of an unknown god.
  1374 | D:3      | Became a worshipper of Uskayaw the Reveler
  1374 | D:3      | Reached * piety under Uskayaw
  1405 | D:3      | Reached ** piety under Uskayaw
  1408 | D:3      | Reached XP level 4. HP: 21/40 MP: 3/3
  1411 | D:3      | Reached skill level 1 in Dodging
  1411 | D:3      | Reached *** piety under Uskayaw
  1489 | D:3      | Noticed Robin
  1497 | D:3      | Killed Robin
  1503 | D:3      | Reached **** piety under Uskayaw
  1567 | D:3      | Found a glowing golden altar of the Shining One.
  1705 | D:3      | Reached XP level 5. HP: 46/46 MP: 4/4
  1743 | D:3      | Reached skill level 4 in Axes
  1743 | D:3      | Reached skill level 5 in Shields
  2415 | D:4      | Reached skill level 1 in Slings
  2422 | D:4      | Noticed BrokenGlass's ghost (amateur OpFi)
  2433 | D:4      | Killed BrokenGlass's ghost
  2433 | D:4      | Reached skill level 5 in Axes
  2433 | D:4      | Reached XP level 6. HP: 48/52 MP: 5/5
  2488 | D:4      | Gained mutation: You passively map a small area around you. [potion of mutation]
  2488 | D:4      | Gained mutation: You are frail. (-10% HP) [potion of mutation]
  2488 | D:4      | Gained mutation: You are partially covered in iridescent scales. (AC +2) [potion of mutation]
  2488 | D:4      | Gained mutation: Your muscles are strong. (Str +2) [potion of mutation]
  2525 | D:4      | Found a staircase to the Ecumenical Temple.
  2533 | Temple   | Entered the Ecumenical Temple
  2650 | D:4      | Noticed Edmund
  2686 | D:4      | Killed Edmund
  2926 | D:4      | Reached skill level 6 in Axes
  2935 | D:4      | Noticed Pikel
  2935 | D:4      | Noticed a slave
  2936 | D:4      | Noticed a slave
  2947 | D:4      | Noticed a slave
  2948 | D:4      | Noticed a slave
  2962 | D:4      | Killed a slave
  2978 | D:4      | Killed Pikel
  2978 | D:4      | Reached skill level 7 in Axes
  2978 | D:4      | Reached skill level 5 in Slings
  2978 | D:4      | Reached XP level 7. HP: 13/53 MP: 1/6
  3351 | D:4      | Found a shattered altar of Ashenzari.
  3355 | D:4      | Saw a vision of the Swamp and the Spider Nest.
  3355 | D:4      | Noticed a hornet
  3355 | D:4      | Noticed a hornet
  3355 | D:4      | Noticed an alligator
  3355 | D:4      | Noticed an alligator
  3356 | D:4      | Noticed an alligator
  3356 | D:4      | Noticed a hornet
  3356 | D:4      | Noticed an alligator
  3359 | D:4      | Noticed a redback
  3362 | D:4      | Noticed a redback
  3462 | D:5      | Entered Level 5 of the Dungeon
  3551 | D:5      | Reached XP level 8. HP: 53/59 MP: 7/7
  3643 | D:5      | Found a shattered altar of Ashenzari.
  3795 | D:5      | Reached skill level 8 in Axes
  3984 | D:5      | Noticed Ijyb
  4001 | D:5      | Killed Ijyb
  4139 | D:5      | Found a basalt altar of Yredelemnul.
  4378 | D:6      | Found a shadowy altar of Dithmenos.
  4457 | D:6      | Noticed Sigmund
  4461 | D:6      | Killed Sigmund
  4461 | D:6      | Reached skill level 5 in Armour
  4515 | D:6      | Reached skill level 9 in Axes
  4733 | D:6      | Found a shattered altar of Ashenzari.
  4733 | D:6      | Found an ancient bone altar of Kikubaaqudgha.
  5142 | D:7      | Reached XP level 9. HP: 50/63 MP: 8/8
  5147 | D:7      | Reached skill level 10 in Axes
  5156 | D:7      | Reached ***** piety under Uskayaw
  5161 | D:7      | Gained mutation: You are partially covered in large bone plates. (SH +4) [mutagenic meat]
  5162 | D:7      | Gained mutation: Your magical capacity is low. (-10% MP) [mutagenic meat]
  5163 | D:7      | Gained mutation: Your natural rate of healing is unusually fast. [mutagenic meat]
  5299 | D:7      | Found a snail-covered altar of Cheibriados.
  5679 | D:7      | Gained mutation: Potions are less effective at restoring your health. [mutagenic meat]
  5680 | D:7      | Lost mutation: You are frail. (-10% HP) [mutagenic meat]
  5829 | D:8      | Noticed a two-headed ogre
  5855 | D:8      | HP: 3/71 [poisoned by a killer bee]
  5863 | D:8      | Slain by a two-headed ogre

Skill      XL: |  1  2  3  4  5  6  7  8  9 |
---------------+----------------------------+-----
Shields        | 4 5 |  5.0
Fighting       | 4 |  4.0
Axes           | 3 5 7 9 10 | 10.8
Armour         | 4 7 8 |  8.3
Dodging        | 2 |  2.1
Slings         | 2 5 6 |  6.0

Action                   |  1- 3 |  4- 6 |  7- 9 || total
-------------------------+-------+-------+-------++-------
Melee: War axe           |    72 |    22 |   158 ||   252
       Headbutt          |    11 |   103 |    31 ||   145
       Hunting sling     |       |   232 |       ||   232
 Fire: Hunting sling     |       |   243 |   144 ||   387
Throw: Stone             |       |     1 |     3 ||     4
Invok: Stomp             |       |     3 |       ||     3
       Line Pass         |       |       |     2 ||     2
Evoke: Wand              |       |       |     1 ||     1
  Use: Scroll            |     3 |     1 |    10 ||    14
       Potion            |     2 |     8 |     2 ||    12
 Stab: Paralysed         |       |     3 |     5 ||     8
  Eat: Chunk             |     2 |     4 |    10 ||    16
       Royal jelly       |       |     1 |       ||     1
       Meat ration       |       |       |     1 ||     1
Armor: Scale mail        |    29 |    61 |    57 ||   147
Dodge: Dodged            |    27 |    72 |    58 ||   157
Block: Shield            |    30 |   137 |   188 ||   355
       Reflection        |       |       |     6 ||     6
